 Dungeon Crawl Stone Soup version 0.18-a0-952-g309898a (webtiles) character file.

378 Duffy the Archer (level 6, -19/48 HPs)
             Began as a Centaur Hunter on Dec 31, 2015.
             Demolished by an orc warrior
             ... wielding a +0 glaive
              (28 damage)
             ... on level 4 of the Dungeon.
             The game lasted 00:02:50 (3119 turns).

Duffy the Archer (Centaur Hunter)                   Turns: 3119, Time: 00:02:50

Health: -19/48     AC:  5    Str: 14    XL:     6   Next: 45%
Magic:  6/6        EV:  8    Int: 10    God:
Gold:   168        SH:  0    Dex: 12    Spells: 0 memorised, 5 levels left

rFire  . . .     SeeInvis .     a - +1 shortbow
rCold  . . .     Gourm    .     p - +0 ring mail
rNeg   . . .     Faith    .     (shield currently unavailable)
rPois  .         Spirit   .     (no helmet)
rElec  .         Dismiss  .     (no cloak)
rCorr  .         Reflect  .     (no gloves)
SustAt .         Harm     .     (no barding)
MR     .....                    (no amulet)
Stlth  ..........               (no ring)
                                (no ring)

@: very quick, not resistant to hostile enchantments, extremely unstealthy
A: hooves 3, deformed body, speed 2, tough skin 3
a: no special abilities


You were on level 4 of the Dungeon.
You were hungry.

You visited 1 branch of the dungeon, and saw 4 of its levels.

You collected 168 gold pieces.


Innate Abilities, Weirdness & Mutations

You have hooves in place of feet.
Armour fits poorly on your strangely shaped body.
You cover ground very quickly.
You have extremely tough skin (AC +3).


   Skills:
 - Level 2.0 Fighting
 + Level 10.0 Bows
 - Level 1.8 Dodging
 - Level 0.5 Stealth


You had 5 spell levels left.
You didn't know any spells.

Inventory:

Hand Weapons
 a - a +1 shortbow (weapon)
 b - a +0 short sword
Missiles
 d - 8 arrows (quivered)
Armour
 c - a +0 leather armour
 p - a +0 ring mail (worn)
Wands
 m - a wand of flame (20/48)
Scrolls
 e - 6 scrolls of identify {unknown}
 g - 2 scrolls of noise {unknown}
 h - 4 scrolls of remove curse {unknown}
 i - 2 scrolls of fog {unknown}
 j - 2 scrolls of enchant weapon {unknown}
 k - a scroll of teleportation {unknown}
Potions
 l - a potion of curing {unknown}
 n - a potion of cure mutation {unknown}
 q - a potion of haste {unknown}
Comestibles
 f - 3 bread rations

Dungeon Overview and Level Annotations

Branches:
Dungeon (4/15)
 Temple: D:4-7

Altars:
Vehumet


Message History

Aim: an orc warrior, wielding a glaive and wearing a plate armour (severely wounded)
You shoot an arrow. The arrow hits the orc warrior.
The orc warrior is severely wounded.
The orc warrior closely misses you.
Firing (i - inventory):
d - 13 arrows (quivered)
Press: ? - help, Shift-Dir - straight line, f/p - orc warrior
Aim: an orc warrior, wielding a glaive and wearing a plate armour (severely wounded)
You shoot an arrow.
The arrow closely misses the orc warrior.
The orc warrior closely misses you.
Firing (i - inventory):
d - 12 arrows (quivered)
Press: ? - help, Shift-Dir - straight line, f/p - orc warrior
Aim: an orc warrior, wielding a glaive and wearing a plate armour (severely wounded)
You shoot an arrow. The arrow hits the orc warrior.
The orc warrior is almost dead.
Firing (i - inventory):
d - 11 arrows (quivered)
Press: ? - help, Shift-Dir - straight line, f/p - orc warrior
Aim: an orc warrior, wielding a glaive and wearing a plate armour (almost dead)
You shoot an arrow.
The arrow closely misses the orc warrior.
The orc warrior closely misses you.
Firing (i - inventory):
d - 10 arrows (quivered)
Press: ? - help, Shift-Dir - straight line, f/p - orc warrior
Aim: an orc warrior, wielding a glaive and wearing a plate armour (almost dead)
You shoot an arrow.
The arrow hits the orc warrior but does no damage.
The orc warrior is almost dead.
Firing (i - inventory):
d - 9 arrows (quivered)
Press: ? - help, Shift-Dir - straight line, f/p - orc warrior
Aim: an orc warrior, wielding a glaive and wearing a plate armour (almost dead)
You shoot an arrow.
The arrow closely misses the orc warrior.
The orc warrior hits you from afar with a glaive!!
Ouch! That really hurt!
You die...

+.....# #.....
#...################
##...#..............#
#....#..............#
#....'..............#
#....#..............#
#####...#..............# ###
##..##...###@#.....######
... #...##...##..###'###...#
... #........#..o.'........#
... #........#....#........#
######..##...#..(.#........#
#...###'##...#..(.#....[...#
........##...###'##.########
........########(##.##
#.......#............#


You could see an orc warrior.

Action                   |  1- 3 |  4- 6 || total
-------------------------+-------+-------++-------
Melee: Short sword       |   125 |    14 ||   139
 Fire: Shortbow          |     4 |   124 ||   128
  Eat: Chunk             |     2 |     3 ||     5

Notes
Turn   | Place    | Note
--------------------------------------------------------------
     0 | D:1      | Duffy the Centaur Hunter began the quest for the Orb.
     0 | D:1      | Reached XP level 1. HP: 17/17 MP: 1/1
   236 | D:1      | Reached XP level 2. HP: 19/24 MP: 2/2
   562 | D:2      | Reached skill level 6 in Bows
   848 | D:3      | Reached XP level 3. HP: 27/29 MP: 3/3
  1299 | D:3      | Found a radiant altar of Vehumet.
  1654 | D:4      | Reached skill level 7 in Bows
  1654 | D:4      | Reached XP level 4. HP: 31/36 MP: 4/4
  1887 | D:4      | Reached skill level 8 in Bows
  1887 | D:4      | Reached XP level 5. HP: 29/41 MP: 5/5
  2097 | D:4      | Reached skill level 9 in Bows
  2526 | D:4      | Reached XP level 6. HP: 48/48 MP: 6/6
  2789 | D:4      | Reached skill level 10 in Bows
  3119 | D:4      | Demolished by an orc warrior

Vault maps used:
D:1:      scummos_arrival_simple_crosswalls
D:2:      first_bread, hangedman_abyss_or_decor_stabs
D:3:      lemuel_crystal_altar

Vanquished Creatures
  A phantom
  2 hounds
  2 iguanas
  A centaur skeleton
  3 worker ants
  2 adders
  3 giant geckos
  6 orcs
  A ball python
  6 bats
  7 goblins
  4 hobgoblins
  3 kobolds
  A quokka
  5 giant cockroaches
  A giant newt
  2 quokka skeletons
  A rat
51 creatures vanquished.
